 Dungeon Crawl Stone Soup version 0.26.1-11-gd32895ea62 (webtiles) character file.

Game seed: 1409025034091449686

5301 growler the Zephyrmancer (level 10, -6/50 HPs)
             Began as a Tengu Air Elementalist on July 22, 2021.
             Was an Elder of Vehumet.
             Killed by refrigeration
             ... invoked by Fannar
              (21 damage)
             ... on level 10 of the Dungeon on Aug 2, 2021.
             The game lasted 00:28:42 (13926 turns).

growler the Zephyrmancer (Tengu Air Elementalist)  Turns: 13926, Time: 00:28:42

Health: -6/50      AC:  7    Str:  8    XL:     10   Next: 63%
Magic:  3/18       EV: 13    Int: 20    God:    Vehumet [****..]
Gold:   547        SH: 15    Dex: 16    Spells: 4/19 levels left

rFire    . . .     SeeInvis .   D - +2 rapier (drain)
rCold    . . .     Faith    .   y - +5 kite shield "Juaxu" {+Blink Int+2}
rNeg     . . .     Spirit   .   E - +2 leather armour {rPois}
rPois    +         Reflect  .   (helmet restricted)
rElec    .         Harm     .   C - +1 cloak
rCorr    .         Rampage  .   (no gloves)
Will     ++...                  (boots unavailable)
Stlth    ++........             (no amulet)
HPRegen  0.16/turn              H - ring of willpower
MPRegen  0.16/turn              p - ring of willpower

@: flying quickly and evasively, quick
A: beak, talons 3, able to fly
a: Stop Flying, Renounce Religion, Evoke Blink


You were on level 10 of the Dungeon.
You worshipped Vehumet.
Vehumet was greatly pleased with you.
You visited 1 branch of the dungeon, and saw 10 of its levels.

You collected 547 gold pieces.

Inventory:

Hand Weapons
 D - a +2 rapier of draining (weapon)
   (You took it off Eustachio on level 6 of the Dungeon)
Missiles
 P - a throwing net {!f}
Armour
 a - a +0 robe
 y - the +5 kite shield "Juaxu" (worn) {+Blink Int+2}
   (You found it on level 4 of the Dungeon)

   It affects your intelligence (+2).
   It lets you blink.
 C - a +1 cloak (worn)
   (You found it on level 3 of the Dungeon)
 E - a +2 leather armour of poison resistance (worn)
   (You took it off Eustachio on level 6 of the Dungeon)
 O - the +2 ring mail of the Untouchables {rF++ Stlth+}
   (You took it off an orc warrior on level 10 of the Dungeon)

   It greatly protects you from fire.
   It makes you more stealthy.
 R - a +1 pair of gloves of dexterity
   (You found it on level 10 of the Dungeon)
Jewellery
 f - an uncursed ring of attention
   (You found it on level 1 of the Dungeon)
 k - an uncursed amulet of faith {unknown}
   (You found it on level 1 of the Dungeon)
 p - a ring of willpower (right hand)
   (You took it off a hobgoblin on level 2 of the Dungeon)
 z - an uncursed amulet of regeneration {unknown}
   (You found it on level 5 of the Dungeon)
 G - an uncursed ring of positive energy
   (You found it on level 7 of the Dungeon)
 H - a ring of willpower (left hand)
   (You found it on level 7 of the Dungeon)
 J - an uncursed ring of poison resistance
   (You found it on level 7 of the Dungeon)
Wands
 t - a wand of flame (9)
   (You took it off a wight on level 6 of the Dungeon)
 u - a wand of paralysis (12)
   (You found it on level 5 of the Dungeon)
 x - a wand of acid (12)
   (You took it off a big kobold on level 9 of the Dungeon)
Scrolls
 b - a scroll of amnesia {unknown}
 e - 7 scrolls of remove curse {@r2}
 h - 8 scrolls of teleportation {@r4}
 j - 2 scrolls of immolation {unknown}
 l - 7 scrolls of enchant weapon
 m - 4 scrolls of blinking
 n - 4 scrolls of fear
 o - a scroll of fog {unknown}
 s - a scroll of random uselessness {unknown}
 F - a scroll of brand weapon {unknown}
 I - 6 scrolls of identify {unknown}
 K - a scroll of noise {unknown}
 M - a scroll of magic mapping {unknown}
 N - a scroll of vulnerability {unknown}
 Q - a scroll of enchant armour {unknown}
Potions
 c - 3 potions of might
 d - 6 potions of curing {@q1}
 g - a potion of magic {unknown}
 i - a potion of resistance {unknown}
 q - 2 potions of heal wounds {unknown}
 r - 4 potions of flight {unknown}
 v - 3 potions of degeneration {unknown}
 w - a potion of cancellation {unknown}
 A - a potion of brilliance {unknown}
 B - 2 potions of mutation {unknown}
 L - a potion of lignification {unknown}


   Skills:
 - Level 2.1 Dodging
 - Level 2.0 Stealth
 + Level 8.7 Shields
 - Level 5.0 Spellcasting
 - Level 9.0 Conjurations
 + Level 12.7 Air Magic


You had 4 spell levels left.
You knew the following spells:

 Your Spells              Type           Power        Failure   Level
a - Shock                 Conj/Air       100%         1%          1
b - Airstrike             Air            27%          1%          4
c - Lightning Bolt        Conj/Air       24%          3%          5
d - Static Discharge      Conj/Air       48%          1%          3
s - Swiftness             Air            54%          1%          2

Your spell library contained the following spells:

 Spells                   Type           Power        Failure   Level
 Irradiate                Conj/Tmut      11%          36%         5
 Stone Arrow              Conj/Erth      46%          4%          3
 Sandblast                Erth           10%          11%         1
 Blink                    Tloc           N/A          50%         2
 Call Imp                 Summ           5%           50%         2
 Passwall                 Tmut/Erth      4%           50%         2
 Petrify                  Tmut/Erth      5%           98%         4
 Lee's Rapid Deconstruct  Erth           2%           91%         5
 Summon Mana Viper        Hex/Summ       5%           100%        5
 Dragon's Call            Summ           2%           100%        9


Dungeon Overview and Level Annotations

Branches:
Dungeon (10/15)            Temple (0/1) D:6            Lair (0/6) D:8
    Orc: D:9-12

Altars:
Fedhas
Hepliaklqana
Ru
Vehumet
Zin

Annotations:
D:10 Fannar


Innate Abilities, Weirdness & Mutations

You have a beak for a mouth.
You have claws for feet.
You can fly continuously.


Message History

Your kick misses the orc priest.
You peck the orc priest, but do no damage.
You block the orc priest's attack. The orc priest misses you.
You hit the orc priest. You claw the orc priest.
The orc priest hits you but does no damage.
You hit the orc priest. You block the orc priest's attack.
You puncture the orc priest!
You kill the orc priest!
Vehumet accepts your kill.
You feel your power returning.
Things that are here:
an uncursed staff of poison; a +0 scale mail; an orc corpse
I - 6 scrolls labelled VIAPLA YLASA (gained 1)
Things that are here:
a +2 glaive of holy wrath; a +0 plate armour; an orc corpse
Things that are here:
a +0 hand axe; a +0 chain mail
Found 10 arrows.
Found a yellowed book.
You pick up the Handbook of the Creative Traveller and begin reading...
You add the spells Call Imp, Blink, Summon Mana Viper and Dragon's Call to your library.
Found a pair of runed gloves.
R - a pair of runed gloves
Found a lumpy bronze amulet.
Fannar the Cold-Hearted comes into view.
They are wielding a +0 quarterstaff of freezing and wearing a +2 robe of cold resistance.
Found a flail.
You see here a lumpy bronze amulet.
Aim: Fannar, wielding a +0 quarterstaff of freezing, wearing a +2 robe of cold resistance and wearing an uncursed ring of ice (covered in an icy film, asleep)
The air twists around and strikes Fannar.
Fannar shouts!
Fannar mumbles some strange words.
Fannar drains the heat from the surrounding environment!
You feel very cold.
Fannar is frozen.
Fannar resists.
Aim: Fannar, wielding a +0 quarterstaff of freezing, wearing a +2 robe of cold resistance and wearing an uncursed ring of ice (lightly wounded, covered in an icy film)
The air twists around and strikes Fannar!
Aim: Fannar, wielding a +0 quarterstaff of freezing, wearing a +2 robe of cold resistance and wearing an uncursed ring of ice (moderately wounded, covered in an icy film)
The air twists around and strikes Fannar!
Aim: Fannar, wielding a +0 quarterstaff of freezing, wearing a +2 robe of cold resistance and wearing an uncursed ring of ice (moderately wounded, covered in an icy film)
The air twists around and strikes Fannar.
You don't have enough magic to cast that spell.
Unknown command.
Fannar mumbles some strange words.
Fannar drains the heat from the surrounding environment!
You feel very cold.
* * * LOW HITPOINT WARNING * * *
Fannar is frozen.
Fannar resists.
Fannar gestures wildly while chanting.
Fannar drains the heat from the surrounding environment!
You feel very cold.
You die...

#..# #e"# #..#
#..# .# #..#
.# #..# .# #
#..# .# .# .#
#.# #.####..#
#.# .# #.# #.#
#....@..# #.#
.# #.# #.#
#.......# #.#
.###.# #.#
#.####..# #.#
.....# #.# #.#
#..#####.#
.....# #.# #.#
#........#
.....# #.# #.#
#........#
..#..###.# #.#
#..####..#
..#......# #.#
#..# #..#
..#....<.###.#
#..# #..#


You could see Fannar (icy armour).

Vanquished Creatures
  Grinder (D:6)
  Eustachio (D:6)
  3 wargs (D:8)
  4 orc warriors
  3 ice beasts
  A black bear (D:9)
  A necrophage (D:9)
  A sky beast (D:5)
  4 phantoms
  2 ogres
  6 centaurs
  2 big kobolds
  4 bullfrogs
  3 gnoll sergeants (D:6)
  A wyvern skeleton (D:8)
  A scorpion (D:4)
  8 killer bees (D:9)
  5 wights
  2 howler monkeys (D:10)
  A quasit (D:8)
  3 hounds
  3 jellies
  8 orc priests
  A centaur skeleton (D:4)
  2 iguanas
  7 orc wizards
  10 worker ants
  A hound zombie (D:7)
  2 hound skeletons
  Robin (D:3)
  8 gnolls
  7 adders
  3 shadow imps
  7 white imps
  An ooze (D:3)
  2 adder zombies
  2 worms
  A dart slug (D:2)
  9 leopard geckos
  33 orcs
  2 ball pythons (D:3)
  6 bats
  7 giant cockroaches
  14 goblins
  16 hobgoblins
  6 jackals
  2 quokkas (D:6)
  4 frilled lizards
  15 kobolds
  A leopard gecko zombie (D:5)
  A quokka skeleton (D:7)
239 creatures vanquished.

Notes
Turn   | Place    | Note
-------+----------+-------------------------------------------
     0 | D:1      | growler the Tengu Air Elementalist began the quest for the
                  | Orb.
     0 | D:1      | Reached XP level 1. HP: 10/10 MP: 4/4
   144 | D:1      | Reached XP level 2. HP: 15/15 MP: 4/6
   147 | D:1      | Learned a level 2 spell: Swiftness
  1220 | D:2      | Reached XP level 3. HP: 19/19 MP: 4/7
  2005 | D:2      | Learned a level 3 spell: Static Discharge
  2634 | D:3      | Found a radiant altar of Vehumet.
  2642 | D:3      | Became a worshipper of Vehumet
  2855 | D:3      | Found a glowing silver altar of Zin.
  2921 | D:3      | Reached XP level 4. HP: 19/24 MP: 5/9
  2922 | D:3      | Reached skill level 5 in Air Magic
  3513 | D:3      | Noticed Robin
  3539 | D:3      | Killed Robin
  3541 | D:3      | Gained mutation: You can fly continuously. [Tengu growth]
  3541 | D:3      | Reached XP level 5. HP: 28/28 MP: 0/10
  4319 | D:4      | Reached skill level 6 in Air Magic
  4319 | D:4      | Reached XP level 6. HP: 29/32 MP: 1/12
  4556 | D:4      | Reached * piety under Vehumet
  4556 | D:4      | Offered knowledge of Magic Dart by Vehumet.
  4667 | D:4      | Reached skill level 5 in Conjurations
  5106 | D:4      | Got a faintly glowing kite shield
  5188 | D:4      | Identified the +5 kite shield "Juaxu" {+Blink Int+2} (You
                  | found it on level 4 of the Dungeon)
  5204 | D:5      | Entered Level 5 of the Dungeon
  5253 | D:5      | Noticed a phantom
  5258 | D:5      | Reached XP level 7. HP: 32/36 MP: 8/14
  5268 | D:5      | Reached skill level 1 in Shields
  5521 | D:5      | Learned a level 4 spell: Airstrike
  5800 | D:5      | Reached skill level 7 in Air Magic
  6409 | D:6      | Reached XP level 8. HP: 30/41 MP: 2/16
  6561 | D:5      | Reached skill level 5 in Spellcasting
  6658 | D:6      | Found a sacrificial altar of Ru.
  6660 | D:6      | Found a hazy altar of Hepliaklqana.
  6661 | D:6      | Found a blossoming altar of Fedhas.
  6689 | D:6      | Reached skill level 8 in Air Magic
  7245 | D:6      | Noticed Grinder
  7253 | D:6      | Killed Grinder
  7652 | D:6      | Found a staircase to the Ecumenical Temple.
  7658 | D:6      | Reached skill level 9 in Air Magic
  7658 | D:6      | Reached XP level 9. HP: 41/45 MP: 9/17
  7831 | D:6      | Noticed Eustachio
  7838 | D:6      | Reached ** piety under Vehumet
  7901 | D:6      | Killed Eustachio
  7901 | D:6      | Offered knowledge of Foxfire by Vehumet.
  8065 | D:6      | Reached skill level 5 in Shields
  9200 | D:7      | Reached skill level 10 in Air Magic
 10389 | D:8      | Offered knowledge of Conjure Flame by Vehumet.
 10517 | D:8      | Reached skill level 11 in Air Magic
 10689 | D:8      | Reached XP level 10. HP: 50/50 MP: 4/18
 10937 | D:8      | Found a staircase to the Lair.
 11109 | D:8      | Reached *** piety under Vehumet
 11496 | D:8      | Learned a level 5 spell: Lightning Bolt
 11881 | D:9      | Offered knowledge of Dazzling Flash by Vehumet.
 12216 | D:9      | Reached skill level 12 in Air Magic
 12431 | D:9      | Reached **** piety under Vehumet
 12920 | D:10     | Entered Level 10 of the Dungeon
 13000 | D:10     | Offered knowledge of Irradiate by Vehumet.
 13158 | D:10     | Identified the +2 ring mail of the Untouchables {rF++
                  | Stlth+}
 13818 | D:10     | Identified the Handbook of the Creative Traveller
 13915 | D:10     | Noticed Fannar
 13926 | D:10     | Killed from afar by Fannar

Illustrated notes

Levels and vault maps discovered:
D:1:      minmay_arrival_wavy_path, layout_basic
D:2:      layout_loops_corners
D:3:      layout_basic, vehumet_crystals, nicolae_overflow_crystal_walls,
          uniq_robin
D:4:      layout_basic
D:5:      layout_cave_pools
D:6:      layout_basic, grunt_temple_overflow_open,
          minmay_temple_entry_antechambers, sword_in_stone, uniq_grinder
D:7:      layout_basic, minmay_starry_boxes
D:8:      layout_cave_pools, erik_lair_orcish_takeover, minmay_diced_spiral
D:9:      layout_basic
D:10:     layout_long_grid, uniq_fannar

Skill      XL: |  1  2  3  4  5  6  7  8  9 10 |
---------------+-------------------------------+-----
Conjurations   | 2 3 4 5 6 8 9 |  9.0
Air Magic      | 5 6 7 9 11 12 | 12.7
Spellcasting   | 3 4 5 |  5.0
Shields        | 2 4 7 8 |  8.7
Dodging        | |  2.1
Stealth        | |  2.0

Action                   |  1- 3 |  4- 6 |  7- 9 | 10-12 || total
-------------------------+-------+-------+-------+-------++-------
Melee: Unarmed           |    12 |    22 |     1 |       ||    35
       Kick              |     2 |    11 |     2 |    19 ||    34
       Peck              |     1 |     2 |     4 |    12 ||    19
       Rapier            |       |       |    12 |    67 ||    79
 Cast: Shock             |    85 |   103 |   140 |     5 ||   333
       Static Discharge  |       |     4 |    26 |    12 ||    42
       Airstrike         |       |       |    53 |    80 ||   133
 Abil: Fly               |       |     1 |       |       ||     1
  Use: Scroll            |       |       |     5 |       ||     5
       Potion            |       |       |       |     1 ||     1
Armor: Robe              |     5 |     8 |       |       ||    13
       Leather armour    |       |       |     1 |     9 ||    10
Dodge: Dodged            |    14 |    32 |    19 |    38 ||   103
Block: Kite shield       |       |     3 |    36 |    67 ||   106
